 Dungeon Crawl Stone Soup version 0.22.0-18-ge075c0d (webtiles) character file.

725 letownia2 the Insei (level 7, -1/53 HPs)
             Began as a Demonspawn Transmuter on Aug 18, 2018.
             Was an Initiate of Cheibriados.
             Slain by a wight
             ... wielding a +3 battleaxe
              (4 damage)
             ... on level 6 of the Dungeon.
             The game lasted 00:13:23 (2556 turns).

letownia2 the Insei (Demonspawn Transmuter)         Turns: 2556, Time: 00:13:23

Health: -1/53      AC:  8    Str: 13    XL:     7   Next: 43%
Magic:  9/10       EV: 12    Int: 16    God:    Cheibriados [......]
Gold:   232        SH:  0    Dex: 14    Spells: 5/11 levels left

rFire    + . .     SeeInvis .     - Unarmed
rCold    . . .     Gourm    .   (no shield)
rNeg     . . .     Faith    .   s - +0 scale mail
rPois    .         Spirit   .   (no helmet)
rElec    .         Reflect  .   f - scarf {repulsion}
rCorr    .         Harm     .   o - -1 pair of gloves (curse)
MR       .....                  (no boots)
Stlth    ..........             (no amulet)
HPRegen  0.17/turn              i - +3 ring of evasion
MPRegen  0.12/turn              G - ring of wizardry

@: appendage (expiring), heavily drained, repel missiles, very slow
A: horns 2, talons 2, iridescent scales 1, fire resistance 1, spiny 1
a: End Transformation, Bend Time, Renounce Religion


You were on level 6 of the Dungeon.
You worshipped Cheibriados.
Cheibriados was noncommittal.
You were not hungry.
You had grown temporary horns.
You visited 2 branches of the dungeon, and saw 7 of its levels.

You collected 232 gold pieces.

Inventory:

Hand Weapons
 t - a +0 hunting sling
 B - a +0 shortbow
 E - a +0 hunting sling
Missiles
 a - 91 arrows
 q - 45 sling bullets
 D - 8 tomahawks (quivered)
Armour
 b - a +0 robe
 c - a +1 cloak of magic resistance
 f - a scarf of repulsion (worn)
 o - a cursed -1 pair of gloves (worn)
 s - a +0 scale mail (worn)
 u - a +0 leather armour
 z - a +0 helmet
 F - a +0 ring mail
Jewellery
 i - a +3 ring of evasion (left hand)
 C - an uncursed ring of see invisible
 G - a ring of wizardry (right hand)
Scrolls
 k - 3 scrolls of teleportation {unknown}
 m - 2 scrolls of immolation {unknown}
 n - 4 scrolls of identify {unknown}
 v - a scroll of enchant armour {unknown}
 w - 3 scrolls of fear {unknown}
 x - a scroll of fog {unknown}
 y - a scroll of noise {unknown}
Potions
 e - a potion of cancellation {unknown}
 g - 2 potions of brilliance
 h - 2 potions of flight {unknown}
 j - a potion of lignification {unknown}
 l - 3 potions of curing
 p - 2 potions of ambrosia {unknown}
 r - 2 potions of haste {unknown}
 A - a potion of resistance {unknown}
Comestibles
 d - 6 rations
 H - 2 chunks of flesh


   Skills:
 + Level 3.8(2.6) Fighting
 - Level 3.1(1.9) Armour
 - Level 2.1(1.0) Dodging
 - Level 0.1(0.0) Stealth
 + Level 5.5(4.3) Unarmed Combat
 - Level 2.5(1.4) Spellcasting
 - Level 2.6(1.5) Transmutations


You had 5 spell levels left.
You knew the following spells:

 Your Spells              Type           Power        Failure   Level  Hunger
a - Beastly Appendage     Tmut           #.....       22%         1    ##.....
l - Sticks to Snakes      Tmut           #.......     32%         2    ###....
p - Spider Form           Tmut/Pois      #.........   63%         3    ####...

Your spell library contained the following spells:

 Spells                   Type           Power        Failure   Level  Hunger
 Ice Form                 Ice/Tmut       #.......     95%         4    #####..
 Blade Hands              Tmut           #.........   99%         5    ######.


Dungeon Overview and Level Annotations

Branches:
Dungeon (6/15)             Temple (1/1) D:5

Altars:
Ashenzari
Cheibriados
Dithmenos
Elyvilon
Fedhas
Hepliaklqana
Makhleb
Nemelex Xobeh
Okawaru
Qazlal
Sif Muna
Uskayaw
Vehumet
Yredelemnul
Zin
The Shining One


Innate Abilities, Weirdness & Mutations

You have razor-sharp toenails.
You are partially covered in iridescent scales. (AC +2)
Your flesh is heat resistant. (rF+)
You are partially covered in sharp spines.
You have a pair of horns on your head.


Message History

You hit the wight but do no damage. You claw the wight.
The wight is moderately damaged.
Your ball python bites the wight.
Your ball python constricts the wight.
Unknown command.
Your scale mail prevents you from hitting the wight.
The wight is heavily damaged.
Your transformation is almost over.
Your ball python loses its grip on the wight.
Your ball python withers and dies!
The wight hits you from afar with a halberd of freezing!
You feel drained. The wight freezes you.
* * * LOW HITPOINT WARNING * * *
The wight barely misses you.
You hit the wight.
The wight is severely damaged.
The wight barely misses you.
The wight hits you with an enchanted battleaxe!
* * * LOW HITPOINT WARNING * * *
You feel drained.
You die...

#.#.#. #.#.#. #.#.#.
#. #.#<#. #.# #†####
####### #.# #.#
......####.### #.#
#........# #.####
#@##.#...####.....
#z.).#............
#z##)#..##.##.####
...##.............#
#.#.#####.#####.##.#
#.#.# #.# #... . #
#.# #.# ####.# ...
..# # ## ..#


You could see 2 wights.

Vanquished Creatures
  An ice beast (D:5)
  A centaur (D:5)
  A bullfrog (D:6)
  2 scorpions
  2 wights (D:6)
  A howler monkey (D:2)
  3 orc wizards (D:4)
  3 worker ants
  5 adders
  A gnoll (D:2)
  An adder skeleton (D:4)
  2 dart slugs
  3 leopard geckos
  16 orcs
  2 bats
  2 giant cockroaches
  7 goblins
  5 hobgoblins
  2 kobolds
  3 quokkas
  5 frilled lizards
  2 leopard gecko skeletons (D:4)
  11 rats
81 creatures vanquished.

Notes
Turn   | Place    | Note
-------+----------+-------------------------------------------
     0 | D:1      | letownia2 the Demonspawn Transmuter began the quest for the Orb.
     0 | D:1      | Reached XP level 1. HP: 15/15 MP: 3/3
   238 | D:2      | Reached skill level 3 in Unarmed Combat
   301 | D:1      | Mutation became permanent: You have razor-sharp toenails. [demonic ancestry]
   301 | D:1      | Gained mutation: You have claws for feet. [demonic ancestry]
   301 | D:1      | Reached XP level 2. HP: 21/21 MP: 3/5
   474 | D:1      | Learned a level 2 spell: Sticks to Snakes
   761 | D:2      | Gained mutation: You are partially covered in sharp spines. [demonic ancestry]
   761 | D:2      | Reached XP level 3. HP: 25/26 MP: 3/6
   826 | D:2      | Gained mutation: Your flesh is heat resistant. (rF+) [demonic ancestry]
   826 | D:2      | Reached XP level 4. HP: 32/32 MP: 1/7
  1092 | D:3      | Found a radiant altar of Vehumet.
  1119 | D:3      | Found a burning altar of Makhleb.
  1385 | D:3      | Reached skill level 1 in Armour
  1464 | D:4      | Reached XP level 5. HP: 31/37 MP: 8/8
  1548 | D:4      | Found a deep blue altar of Sif Muna.
  1581 | D:3      | Reached skill level 4 in Unarmed Combat
  1699 | D:3      | Found a sparkling altar of Nemelex Xobeh.
  1865 | D:4      | Gained mutation: You are partially covered in iridescent scales. (AC +2) [demonic ancestry]
  1865 | D:4      | Reached XP level 6. HP: 13/43 MP: 5/9
  1893 | D:4      | Learned a level 3 spell: Spider Form
  1939 | D:5      | Entered Level 5 of the Dungeon
  2043 | D:4      | Noticed a hand axe
  2043 | D:4      | Noticed a dagger
  2044 | D:4      | Found a hide-covered altar of Uskayaw.
  2300 | D:5      | Noticed an ice beast
  2307 | D:5      | Killed an ice beast
  2307 | D:5      | Reached skill level 5 in Unarmed Combat
  2307 | D:5      | Gained mutation: You have razor-sharp toenails. [demonic ancestry]
  2307 | D:5      | Reached XP level 7. HP: 50/52 MP: 8/10
  2400 | D:5      | Found a staircase to the Ecumenical Temple.
  2412 | Temple   | Entered the Ecumenical Temple
  2425 | Temple   | Became a worshipper of Cheibriados the Contemplative
  2556 | D:6      | Slain by a wight

Skill      XL: |  1  2  3  4  5  6 |
---------------+-------------------+-----
Unarmed Combat | 3 4 5 |  5.5
Transmutations | 2 |  2.6
Dodging        | 2 |  2.1
Armour         | 1 2 3 |  3.1
Fighting       | 3 |  3.8
Stealth        | |  0.1
Spellcasting   | |  2.5

Action                   |  1- 3 |  4- 6 |  7- 9 || total
-------------------------+-------+-------+-------++-------
Melee: Unarmed           |    67 |   140 |    33 ||   240
       Kick              |    10 |    28 |    13 ||    51
       Headbutt          |     4 |     9 |     3 ||    16
       Punch             |       |     1 |       ||     1
 Cast: Beastly Appendage |    18 |    13 |     3 ||    34
       Sticks to Snakes  |     1 |     2 |     1 ||     4
  Use: Potion            |       |     2 |       ||     2
 Stab: Distracted        |       |     1 |       ||     1
  Eat: Chunk             |       |     6 |     1 ||     7
Armor: Robe              |    13 |       |       ||    13
       Scale mail        |       |    37 |     3 ||    40
Dodge: Dodged            |    50 |    65 |    17 ||   132
